 Dungeon Crawl Stone Soup version 0.24-a0-584-g9d6b971ae4 (webtiles) character file.

Game seed: 11764032866701767854, levelgen mode: deterministic

41 Leibowitz the Poker (level 3, -3/28 HPs)
             Began as a Merfolk Gladiator on Sept 1, 2019.
             Slain by a gnoll
             ... wielding a +0 whip
              (7 damage)
             ... on level 1 of the Dungeon.
             The game lasted 00:02:44 (691 turns).

Leibowitz the Poker (Merfolk Gladiator)              Turns: 691, Time: 00:02:45

Health: -3/28      AC:  9    Str: 14    XL:     3   Next: 52%
Magic:  3/3        EV:  8    Int:  7    God:
Gold:   26         SH:  0    Dex: 16    Spells: 2/2 levels left

rFire    . . .     SeeInvis .   a - +0 trident
rCold    . . .     Gourm    .   (no shield)
rNeg     . . .     Faith    .   e - +0 chain mail
rPois    .         Spirit   .   c - +0 helmet
rElec    .         Reflect  .   (no cloak)
rCorr    .         Harm     .   (no gloves)
MR       +....                  (no boots)
Stlth    ..........             (no amulet)
HPRegen  0.09/turn              h - ring of protection from magic
MPRegen  0.08/turn              (no ring)

@: no status effects
A: change form in water, swift swim, stealthy swim
a: no special abilities


You were on level 1 of the Dungeon.
You were not hungry.

You visited 1 branch of the dungeon, and saw 2 of its levels.

You collected 26 gold pieces.

Inventory:

Hand Weapons
 a - a +0 trident (weapon)
Missiles
 d - 3 throwing nets (quivered)
Armour
 b - a +0 leather armour
 c - a +0 helmet (worn)
 e - a +0 chain mail (worn)
Jewellery
 h - a ring of protection from magic (left hand)
Scrolls
 j - 3 scrolls of magic mapping {unknown}
 k - a scroll of identify {unknown}
Potions
 g - a potion of curing {unknown}
Comestibles
 f - 2 rations


   Skills:
 * Level 2.4 Fighting
 * Level 5.5 Polearms
 - Level 2.0 Throwing
 * Level 0.4 Armour
 * Level 4.6 Dodging


You had 2 spell levels left.
You didn't know any spells.
Your spell library was empty.

Dungeon Overview and Level Annotations

Branches:
Dungeon (2/15)

Altars:


Message History

Your chain mail prevents you from hitting the gnoll.
The gnoll hits you but does no damage.
Your chain mail prevents you from hitting the gnoll.
The gnoll hits you but does no damage.
You hit the gnoll but do no damage. The gnoll closely misses you.
You puncture the gnoll!
The gnoll is heavily wounded.
The gnoll hits you but does no damage.
Your chain mail prevents you from hitting the gnoll.
The gnoll is heavily wounded.
The gnoll hits you but does no damage.
Your chain mail prevents you from hitting the gnoll.
The gnoll is heavily wounded.
The gnoll hits you but does no damage.
You barely miss the gnoll.
The gnoll is heavily wounded.
The gnoll hits you with a +0 whip.
* * * LOW HITPOINT WARNING * * *
The gnoll hits you with a +0 whip!
You die...

≈≈# #.#.###...########### ≈≈#
#.#.......######## ≈≈#
#................# ≈≈#
#.......#.######.##### ≈≈#
#...........# #.....####### ≈≈#
#......##†#.# #####........ ≈≈#
#......##>#.# #...[..###### ≈≈#
##....###.#g# #.####.# ≈≈# #....#
#÷#@# #.# #.# ≈≈# ########.#.#
#.# #.# ≈≈# #.......#.# #.####.#
≈≈# #.......#.####....#.# ≈≈#
#..............##.#.# ≈≈#
#..............##.#.#
≈≈######.................#.#
≈≈#...................####.#
≈≈#.###..................#.######


You could see a gnoll.

Vanquished Creatures
  A gnoll (D:1)
  A dart slug (D:1)
  2 leopard geckos
  2 giant cockroaches (D:1)
  6 goblins
  5 hobgoblins (D:1)
  3 bats (D:1)
  4 frilled lizards (D:1)
  A rat (D:1)
25 creatures vanquished.

Notes
Turn   | Place    | Note
-------+----------+-------------------------------------------
     0 | D:1      | Leibowitz the Merfolk Gladiator began the quest for the
                  | Orb.
     0 | D:1      | Reached XP level 1. HP: 16/16 MP: 1/1
    77 | D:1      | Reached XP level 2. HP: 22/22 MP: 2/2
   360 | D:1      | Reached skill level 5 in Polearms
   407 | D:1      | Reached XP level 3. HP: 28/28 MP: 3/3
   691 | D:1      | Slain by a gnoll

Levels and vault maps discovered:
D:1:      zaba_arrival_water, layout_basic
D:2:      layout_basic, chequers_ecumenical_altar_simple_redux, minivault_14

Skill      XL: |  1  2 |
---------------+-------+-----
Polearms       | 5 |  5.5
Fighting       | |  2.4
Throwing       | |  2.0
Armour         | |  0.4
Dodging        | |  4.6

Action                   || total
-------------------------++-------
Melee: Trident           ||    90
Armor: Leather armour    ||     5
       Chain mail        ||    52
Dodge: Dodged            ||    54

Table legend:
 A = Non-vault XP
 B = Vault XP
 C = Vault XP percentage of total XP
 D = Non-vault monster count
 E = Vault monster count
 F = Vault count percentage of total count
                 A         B        C        D         E       F
            +---------+---------+-------+---------+---------+-------
      Total |      59 |       0 |   0.0 |      25 |       0 |   0.0
            +---------+---------+-------+---------+---------+-------
        D:1 |      54 |       0 |   0.0 |      23 |       0 |   0.0
        D:2 |       5 |       0 |   0.0 |       2 |       0 |   0.0
            +---------+---------+-------+---------+---------+-------
